 Dungeon Crawl Stone Soup version 0.27-a0-1051-g288ea87c7c (webtiles) character file.

Game seed: 11204156751264475983

113 sizableburger the Skirmisher (level 4, -3/37 HPs)
             Began as a Mummy Hunter on Apr 20, 2021.
             Slain by an orc wizard
             ... wielding a +0 dagger
              (4 damage)
             ... on level 3 of the Dungeon.
             The game lasted 00:11:27 (4301 turns).

sizableburger the Skirmisher (Mummy Hunter)         Turns: 4301, Time: 00:11:27

Health: -3/37      AC:  3    Str: 15    XL:     4   Next: 65%
Magic:  4/4        EV: 11    Int: 11    God:
Gold:   158        SH:  0    Dex: 12    Spells: 3/3 levels left

rFire    x . .     SeeInvis .   l - +0 dagger
rCold    + . .     Faith    .   (no shield)
rNeg     + + +     Spirit   .   b - +0 leather armour
rPois    ∞         Reflect  .   (no helmet)
rElec    .         Harm     .   (no cloak)
rCorr    .         Rampage  .   (no gloves)
Will     .....                  (no boots)
Stlth    +.........             (no amulet)
HPRegen  0.12/turn              (no ring)
MPRegen  0.09/turn              (no ring)

@: no status effects
A: cold resistance 1, negative energy resistance 3, torment resistance 2,
unbreathing 1, heat vulnerability 1, no potions
a: no special abilities


You were on level 3 of the Dungeon.
You visited 1 branch of the dungeon, and saw 3 of its levels.

You collected 158 gold pieces.

Inventory:

Hand Weapons
 l - a +0 dagger (weapon)
 m - a +0 hunting sling
Missiles
 g - 48 stones (quivered)
 j - 69 sling bullets
Armour
 b - a +0 leather armour (worn)
Scrolls
 a - a scroll of enchant armour {unknown}
 e - a scroll of summoning {unknown}
 f - 2 scrolls of identify {unknown}
 h - 2 scrolls of fog {unknown}
 i - a scroll of teleportation {unknown}
 k - a scroll of blinking {unknown}
 n - a scroll of holy word {unknown}


   Skills:
 + Level 3.7 Fighting
 - Level 1.2 Short Blades
 + Level 1.9(2.8) Slings
 + Level 3.2(3.5) Throwing
 - Level 1.5 Dodging
 - Level 0.7 Stealth


You had 3 spell levels left.
You didn't know any spells.
Your spell library was empty.

Dungeon Overview and Level Annotations

Branches:
Dungeon (3/15)

Altars:
Nemelex Xobeh


Innate Abilities, Weirdness & Mutations

You are immune to poison.
Your flesh is cold resistant. (rC+)
You are immune to negative energy. (rN+++)
You are immune to unholy pain and torment.
You can survive without breathing.
You are vulnerable to heat. (rF-)
You do not drink.


Message History

In your confused state, you trip and fall back down the stairs.
Something hits you but does no damage. Something hits you.
You bump into the rock wall.
Something hits you.
Unknown command.
You bump into the rock wall.
Something hits you.
* * * LOW HITPOINT WARNING * * *
You are too confused!
You feel less confused.
You see here a +0 club.
Throw: 4 javelins
Press: ? - help, Q - select action, (/) - cycle Shift-Dir - straight line You throw a javelin.
Unknown command.
Throw: 3 javelins
Press: ? - help, Q - select action, (/) - cycle Shift-Dir - straight line You throw a javelin.
You hear some strange, mumbled words.
You are confused.
Unknown command.
Non-targeted confused throw: 2 javelins
Press: ? - help, Q - select action, (/) - cycle Dir - look around, f - activate You throw a javelin.
Something hits you.
* * * LOW HITPOINT WARNING * * *
Unknown command.
Non-targeted confused throw: javelin
Press: ? - help, Q - select action, (/) - cycle Dir - look around, f - activate You throw a javelin.
Something hits you.
* * * LOW HITPOINT WARNING * * *
Unknown command.
You're too confused to move!
Something hits you.
* * * LOW HITPOINT WARNING * * *
You feel less confused.
Throw: 49 stones
Press: ? - help, Q - select action Shift-Dir - straight line You throw a stone.
Something hits you.
You die...

).##.##.##.......[
...#.##.###.........(#
._.......####........#
.....###.'((#.......#
#....# ###(.#...>...##
.....########......(.#
#.#####.# #.....(((..#
#.# #.###.......(..#
#.# #(<(.)....@....#
#.# #..#...........#
#.#####..#.#........##
#..........##......##
####.##)(.##########
#..#.(#(# #.##(##.# ..
#. ... ..# .. ...#


There were no monsters in sight!

Vanquished Creatures
  2 orc wizards
  3 worms
  2 dart slugs (D:2)
  5 orcs
  4 endoplasms
  A giant cockroach (D:2)
  4 goblins
  3 hobgoblins
  A jackal (D:2)
  3 quokkas
  6 ball pythons
  A bat (D:1)
  3 frilled lizards
  2 kobolds (D:3)
  7 rats
47 creatures vanquished.

Notes
Turn   | Place    | Note
-------+----------+-------------------------------------------
     0 | D:1      | sizableburger the Mummy Hunter began the quest for the Orb.
     0 | D:1      | Reached XP level 1. HP: 16/16 MP: 1/1
   551 | D:1      | Reached XP level 2. HP: 18/23 MP: 2/2
  1287 | D:2      | Reached skill level 1 in Short Blades
  2160 | D:2      | Reached XP level 3. HP: 16/28 MP: 3/3
  2988 | D:2      | Found a faded altar of an unknown god.
  3461 | D:3      | Reached skill level 1 in Slings
  3578 | D:3      | Reached XP level 4. HP: 35/35 MP: 4/4
  3991 | D:3      | Found a sparkling altar of Nemelex Xobeh.
  4296 | D:3      | HP: 1/37 [something (3)]
  4301 | D:3      | Slain by an orc wizard

Illustrated notes

Levels and vault maps discovered:
D:1:      minmay_arrival_three_doors, layout_loops_corners, chequers_big_river,
          minivault_14, minivault_14, minmay_tromino_v7
D:2:      layout_loops_ring, shapermc_ecumenical_altar_flowoftime,
          minmay_unequal
D:3:      layout_rooms, nicolae_overflow_crystal_walls, lemuel_blue_sif_altar,
          supply_closet_lemuel, st_stairs_5, minmay_joined_circles

Skill      XL: |  1  2  3 |
---------------+----------+-----
Short Blades   | 1 |  1.2
Fighting       | 3 |  3.7
Slings         | 1 |  1.9
Throwing       | |  3.2
Dodging        | |  1.5
Stealth        | |  0.7

Action                   |  1- 3 |  4- 6 || total
-------------------------+-------+-------++-------
Melee: Short sword       |    24 |       ||    24
       Dagger            |    58 |    41 ||    99
 Fire: Hunting sling     |    60 |    17 ||    77
Throw: Javelin           |     8 |    10 ||    18
       Throwing net      |       |     3 ||     3
       Stone             |       |     1 ||     1
 Stab: Held in net/web   |       |     1 ||     1
Armor: Leather armour    |    21 |    13 ||    34
Dodge: Dodged            |    54 |    21 ||    75

Table legend: (Time is in decaauts)
 A = Elapsed time spent in this place.
 B = Non-inter-level travel time spent in this place.
 C = Inter-level travel time spent in this place.
 D = Time resting spent in this place.
 E = Time spent auto-exploring this place.
 F = Levels seen in this place.
 G = Mean time per level.
                   A        B        C        D        E       F      G
               +--------+--------+--------+--------+--------+-----+--------+
         Total |   4320 |   4146 |    174 |   1475 |   2029 |   3 | 1440.0 |
       Dungeon |   4320 |   4146 |    174 |   1475 |   2029 |   3 | 1440.0 |
               +--------+--------+--------+--------+--------+-----+--------+

Top non-repeatable levels by time:
     D:2: 2194 daAuts
     D:1: 1468 daAuts
     D:3: 657 daAuts
